 Dungeon Crawl Stone Soup version 0.28.0 (webtiles) character file.

Game seed: 11489598512478055189

375 EnragedOxygen the Cudgeller (level 6, -1/56 HPs)
             Began as a Minotaur Berserker on Feb 2, 2022.
             Was a Believer of Trog.
             Shot with an arrow by a centaur (2 damage)
             ... on level 5 of the Dungeon on Feb 10, 2022.
             The game lasted 00:40:17 (4444 turns).

EnragedOxygen the Cudgeller (Minotaur Berserker)    Turns: 4444, Time: 00:40:17

Health: -1/56      AC:  3    Str: 24    XL:     6   Next: 44%
Magic:  5/5        EV: 12    Int:  4    God:    Trog [**....]
Gold:   178        SH:  0    Dex:  9    Spells: 5/5 levels left

rFire   . . .      SeeInvis .   p - +2 war axe (flame)
rCold   . . .      Faith    .   (no shield)
rNeg    . . .      Spirit   .   l - +0 leather armour
rPois   .          Reflect  .   (helmet restricted)
rElec   .          Harm     .   (no cloak)
rCorr   .          Rampage  .   (no gloves)
Will    .....                   (no boots)
Stlth   +.........              (no amulet)
HPRegen 0.18/turn               (no ring)
MPRegen 0.09/turn               (no ring)

@: no status effects
A: horns 2, retaliatory headbutt
a: Renounce Religion, Berserk, Trog's Hand


You were on level 5 of the Dungeon.
You worshipped Trog.
Trog was pleased with you.
You visited 1 branch of the dungeon, and saw 5 of its levels.

You collected 178 gold pieces.

Inventory:

Hand Weapons
 a - a +0 mace
 p - a +2 war axe of flaming (weapon)
Missiles
 d - 3 poisoned darts (quivered)
 e - 84 stones
 g - 34 bolts
Armour
 b - a +0 animal skin
 h - a +0 kite shield
 l - a +0 leather armour (worn)
Scrolls
 f - 3 scrolls of immolation {unknown}
 j - a scroll of vulnerability {unknown}
 k - a scroll of teleportation {unknown}
 m - a scroll of magic mapping {unknown}
 n - a scroll of identify {unknown}
 s - 2 scrolls of blinking {unknown}
Potions
 c - a potion of resistance {unknown}
 i - a potion of ambrosia {unknown}
 o - a potion of invisibility {unknown}
 q - a potion of lignification {unknown}
 r - a potion of curing {unknown}


   Skills:
 + Level 5.2 Fighting
 * Level 2.4(4.4) Axes
 + Level 5.8(6.0) Maces & Flails
 + Level 3.4 Armour
 + Level 3.7 Dodging
 - Level 0.5 Stealth
 - Level 0.8 Shields


You had 5 spell levels left.
You didn't know any spells.
Your spell library contained the following spells:

 Spells                   Type           Power      Damage    Failure   Level
 Animate Skeleton         Necr           0%         N/A       54%         1
 Apportation              Tloc           0%         N/A       54%         1
 Summon Small Mammal      Summ           0%         N/A       54%         1


Dungeon Overview and Level Annotations

Branches:
Dungeon (5/15)
 Temple: D:4-7

Altars:
Sif Muna


Innate Abilities, Weirdness & Mutations

You have a pair of horns on your head.
You reflexively headbutt those who attack you in melee.


Message History

You kill the quokka!
Trog accepts your kill.
You see here a quokka corpse.
Done exploring.
Done exploring.
There is an open door here.
There is an open door here.
There is an open door here.
There is a stone staircase leading down here.
You climb downwards.
Found 36 stones.
There is a stone staircase leading up here.
Found 14 gold pieces.
A centaur comes into view.
The centaur shouts!
The centaur wields a +0 shortbow.
The centaur shoots an arrow.
The arrow hits you.
The killer bee zombie barely misses you.
You furiously retaliate!
You headbutt the killer bee zombie.
The centaur shoots an arrow.
The arrow hits you!
You slash the killer bee zombie! You burn the killer bee zombie.
The killer bee zombie is severely damaged.
The killer bee zombie hits you.
The centaur shoots an arrow.
The arrow closely misses you. The killer bee zombie hits you!
The centaur shoots an arrow.
The arrow hits you!
You miss the killer bee zombie.
The killer bee zombie is severely damaged.
The killer bee zombie barely misses you.
The centaur shoots an arrow.
The arrow hits you!
* * * LOW HITPOINT WARNING * * *
The killer bee zombie misses you.
The centaur shoots an arrow.
The arrow misses you.
The killer bee zombie hits you but does no damage.
The centaur shoots an arrow.
The arrow hits you.
* * * LOW HITPOINT WARNING * * *
The centaur shoots an arrow.
The arrow hits you!
* * * LOW HITPOINT WARNING * * *
The killer bee zombie hits you but does no damage.
The centaur shoots an arrow.
The arrow hits you.
You die...

..........
..c.......#
..........#
.......(..+
..........#
..........#
..........+
........Z.#
#+#....@##
#(..###
###. #. $.
##


You could see a centaur and a killer bee zombie.

Vanquished Creatures
  A scorpion (D:3)
  2 vampire bats (D:3)
  A hound (D:4)
  2 iguanas
  An orc wizard (D:4)
  5 adders
  2 adder skeletons (D:4)
  A dart slug (D:3)
  5 orcs
  4 ball pythons
  9 bats
  6 endoplasms
  A giant cockroach (D:1)
  8 goblins
  10 hobgoblins
  3 jackals (D:1)
  6 quokkas
  3 frilled lizards
  7 kobolds
  5 rats (D:2)
82 creatures vanquished.

Vanquished Creatures (others)
  A plant (D:2)
1 creature vanquished.

Grand Total: 83 creatures vanquished

Notes
Turn   | Place    | Note
-------+----------+-------------------------------------------
     0 | D:1      | EnragedOxygen the Minotaur Berserker began the quest for
                  | the Orb.
     0 | D:1      | Reached XP level 1. HP: 19/19 MP: 0/0
   414 | D:1      | Upgraded the game from 0.28-b1-25-g9875b3fc8c to
                  | 0.28-b1-38-gff268fdeb9
   414 | D:1      | Upgraded the game from 0.28-b1-38-gff268fdeb9 to 0.28.0
   500 | D:1      | Reached XP level 2. HP: 27/27 MP: 1/1
  1020 | D:2      | Reached XP level 3. HP: 6/34 MP: 2/2
  1024 | D:2      | HP: 1/34 [poisoned by an adder]
  1318 | D:2      | Reached ** piety under Trog
  1366 | D:2      | Found a faded altar of an unknown god.
  1662 | D:2      | Reached XP level 4. HP: 30/41 MP: 3/3
  2340 | D:3      | Reached skill level 5 in Maces & Flails
  2345 | D:3      | Reached XP level 5. HP: 40/47 MP: 4/4
  3120 | D:3      | Reached skill level 5 in Fighting
  3120 | D:3      | Reached skill level 1 in Axes
  3172 | D:4      | Reached XP level 6. HP: 49/56 MP: 5/5
  3292 | D:4      | Found a shimmering blue altar of Sif Muna.
  4437 | D:5      | Entered Level 5 of the Dungeon
  4444 | D:5      | HP: 1/56 [centaur/arrow (8)]
  4444 | D:5      | Shot with an arrow by a centaur

Illustrated notes

Levels and vault maps discovered:
D:1:      dpeg_arrival_lava_temple_mockup, layout_basic
D:2:      layout_basic, dreamdust_ecumenical_altar_grove, interstate_on_off,
          minmay_pentomino_s2
D:3:      layout_loops_ring, roderic_batcave, fountainhead
D:4:      layout_gridville, led_sif_book
D:5:      layout_basic, serial_shops, nicolae_inconvenience_store

Skill      XL: |  1  2  3  4  5  6 |
---------------+-------------------+-----
Fighting       | 4 5 |  5.2
Maces & Flails | 4 5 |  5.8
Dodging        | 3 |  3.7
Armour         | 3 |  3.4
Axes           | 1 2 |  2.4
Stealth        | |  0.5
Shields        | |  0.8

Action                   |  1- 3 |  4- 6 || total
-------------------------+-------+-------++-------
Melee: Mace              |    61 |    38 ||    99
       Headbutt          |     9 |     9 ||    18
       Punch             |     1 |       ||     1
       War axe           |       |    66 ||    66
Invok: Trog's Hand       |       |     1 ||     1
  Use: Potion            |     2 |     1 ||     3
Armor: Animal skin       |     8 |       ||     8
       Leather armour    |       |    27 ||    27
Dodge: Dodged            |    47 |    63 ||   110
Block: Kite shield       |     1 |    32 ||    33
